TOP OF THE 1ST |
Dallas-Fort Worth Rangers batting - Pitching for Memphis Blues : LHP Chris Reyes
|
Pitching: LHP Chris Reyes
|
|
Batting: RHB Dave Miele
|
0-0: Called Strike 0-1: Ball 1-1: Foul Ball, location: 2F 1-2: Foul Ball, location: 2F 1-2: Ball 2-2: Ground out 4-3 (Groundball, 4S, EV 88.1 MPH)
|
Batting: RHB Phil Bradley
|
0-0: Ground out 6-3 (Groundball, 6, EV 111.3 MPH)
|
Batting: RHB Joe Carter
|
0-0: Ball 1-0: Swinging Strike 1-1: Ground out 5-3 (Groundball, 56, EV 86.3 MPH)
|
Top of the 1st over - 0 runs, 0 hits, 0 errors, 0 left on base; Dallas-Fort Worth 0 - Memphis 0 |
BOTTOM OF THE 1ST |
Memphis Blues batting - Pitching for Dallas-Fort Worth Rangers : RHP Billy Hawley
|
Pitching: RHP Billy Hawley
|
|
Batting: RHB Mariano Duncan
|
0-0: Ball 1-0: Swinging Strike 1-1: Ball 2-1: Ball 3-1: Swinging Strike 3-2: Ground out 5-3 (Groundball, 56S, EV 91.3 MPH)
|
Batting: LHB John Robbins
|
0-0: SINGLE (Groundball, 4D, EV 96.9 MPH)
|
Batting: LHB David Christianson
|
0-0: Ball 1-0: Called Strike John Robbins steals 2nd base (no throw) 1-1: 2-RUN HOME RUN (Flyball, 89XD, EV 99.4 MPH), Distance : 437 ft
|
Batting: RHB Chris James
|
0-0: Ball 1-0: Ball 2-0: Foul Ball, location: 2F 2-1: Swinging Strike 2-2: Strikes out looking
|
Batting: LHB Don Jacoby
|
0-0: Ball 1-0: Fly out, F9 (Flyball, 89S, EV 84.4 MPH)
|
Bottom of the 1st over - 2 runs, 2 hits, 0 errors, 0 left on base; Dallas-Fort Worth 0 - Memphis 2 |
TOP OF THE 2ND |
Dallas-Fort Worth Rangers batting - Pitching for Memphis Blues : LHP Chris Reyes
|
Batting: LHB Sid Bream
|
0-0: Ball 1-0: Called Strike 1-1: Ground out 4-3 (Groundball, 4S, EV 68.1 MPH)
|
Batting: RHB Dave Aponte
|
0-0: Ground out U3 (Groundball, 34S, EV 68.8 MPH)
|
Batting: RHB Terry Lee
|
0-0: Called Strike 0-1: Fly out, F3 (Popup, 3F, EV 58.8 MPH)
|
Top of the 2nd over - 0 runs, 0 hits, 0 errors, 0 left on base; Dallas-Fort Worth 0 - Memphis 2 |
BOTTOM OF THE 2ND |
Memphis Blues batting - Pitching for Dallas-Fort Worth Rangers : RHP Billy Hawley
|
Batting: RHB Augustine Garrett
|
0-0: Foul Ball, location: 2F 0-1: Ball 1-1: Ball 2-1: Called Strike 2-2: Ball 3-2: Foul Ball, location: 2F 3-2: Foul Ball, location: 2F 3-2: Ground out 5-3 (Groundball, 56, EV 105.6 MPH)
|
Batting: RHB Dave Penniall
|
0-0: Ball 1-0: SINGLE (Line Drive, 8RS, EV 98.8 MPH)
|
Batting: RHB Bradley Shames
|
0-0: Grounds into double play, 4-6-3 (Groundball, 4, EV 85.0 MPH)
|
Bottom of the 2nd over - 0 runs, 1 hit, 0 errors, 0 left on base; Dallas-Fort Worth 0 - Memphis 2 |
TOP OF THE 3RD |
Dallas-Fort Worth Rangers batting - Pitching for Memphis Blues : LHP Chris Reyes
|
Batting: RHB Ross Jones
|
0-0: Called Strike 0-1: Called Strike 0-2: Ball 1-2: Strikes out swinging
|
Batting: RHB Alex Zermeno
|
0-0: Foul Ball, location: 2F 0-1: Ball 1-1: Ground out 5-3 (Groundball, 56S, EV 63.1 MPH)
|
Batting: RHB Steve Nicosia
|
0-0: Ground out 4-3 (Groundball, 4, EV 88.1 MPH)
|
Top of the 3rd over - 0 runs, 0 hits, 0 errors, 0 left on base; Dallas-Fort Worth 0 - Memphis 2 |
BOTTOM OF THE 3RD |
Memphis Blues batting - Pitching for Dallas-Fort Worth Rangers : RHP Billy Hawley
|
Batting: RHB William Muth
|
0-0: Foul Ball, location: 2F 0-1: Ball 1-1: Ball 2-1: Ball 3-1: Foul Ball, location: 2F 3-2: Base on Balls
|
Batting: RHB Mariano Duncan
|
0-0: Ball 1-0: Ball 2-0: Foul Ball, location: 2F 2-1: Ball 3-1: Called Strike 3-2: Foul Ball, location: 2F 3-2: Strikes out swinging
|
Batting: LHB John Robbins
|
0-0: Ball 1-0: Ball 2-0: Called Strike 2-1: Called Strike 2-2: Foul Ball, location: 2F 2-2: Fielders Choice at 2nd, 4-6 (Groundball, 4, EV 105.6 MPH)
|
Batting: LHB David Christianson
|
0-0: Ball 1-0: Ball 2-0: Called Strike 2-1: Ball 3-1: Swinging Strike 3-2: Foul Ball, location: 2F 3-2: Fly out, F7 (Flyball, 7S, EV 86.9 MPH)
|
Bottom of the 3rd over - 0 runs, 0 hits, 0 errors, 1 left on base; Dallas-Fort Worth 0 - Memphis 2 |
TOP OF THE 4TH |
Dallas-Fort Worth Rangers batting - Pitching for Memphis Blues : LHP Chris Reyes
|
Batting: RHB Dave Miele
|
0-0: Called Strike 0-1: Ball 1-1: Swinging Strike 1-2: Ball 2-2: Foul Ball, location: 2F 2-2: Foul Ball, location: 2F 2-2: Ground out 5-3 (Groundball, 5, EV 86.3 MPH)
|
Batting: RHB Phil Bradley
|
0-0: Ball 1-0: Called Strike 1-1: Ball 2-1: Swinging Strike 2-2: Ball 3-2: Foul Ball, location: 2F 3-2: Base on Balls
|
Batting: RHB Joe Carter
|
0-0: Foul Ball, location: 2F 0-1: Called Strike 0-2: Foul Ball, location: 2F 0-2: Ball 1-2: 2-RUN HOME RUN (Flyball, 7LD, EV 90.6 MPH), Distance : 367 ft
|
Batting: LHB Sid Bream
|
0-0: Fly out, F7 (Flyball, 78M, EV 83.8 MPH)
|
Batting: RHB Dave Aponte
|
0-0: Foul Ball, location: 2F 0-1: Ball 1-1: Ball 2-1: Ground out 6-3 (Groundball, 6, EV 108.1 MPH)
|
Top of the 4th over - 2 runs, 1 hit, 0 errors, 0 left on base; Dallas-Fort Worth 2 - Memphis 2 |
BOTTOM OF THE 4TH |
Memphis Blues batting - Pitching for Dallas-Fort Worth Rangers : RHP Billy Hawley
|
Batting: RHB Chris James
|
0-0: Fly out, F9 (Flyball, 9S, EV 71.3 MPH)
|
Batting: LHB Don Jacoby
|
0-0: Called Strike 0-1: Ground out 6-3 (Groundball, 56, EV 92.5 MPH)
|
Batting: RHB Augustine Garrett
|
0-0: Called Strike 0-1: Swinging Strike 0-2: Ball 1-2: Ball 2-2: Foul Ball, location: 2F 2-2: Ball 3-2: Foul Ball, location: 2F 3-2: Base on Balls
|
Batting: RHB Dave Penniall
|
0-0: Ball 1-0: Foul Ball, location: 2F 1-1: Called Strike 1-2: Ball 2-2: Foul Ball, location: 2F 2-2: Foul Ball, location: 2F 2-2: Ball 3-2: SINGLE (Groundball, 56D, EV 101.3 MPH) Augustine Garrett to second Augustine Garrett to third
|
Batting: RHB Bradley Shames
|
0-0: Ball 1-0: Foul Ball, location: 2F 1-1: Called Strike 1-2: Fly out, F6 (Popup, 6MD, EV 51.9 MPH)
|
Bottom of the 4th over - 0 runs, 1 hit, 0 errors, 2 left on base; Dallas-Fort Worth 2 - Memphis 2 |
TOP OF THE 5TH |
Dallas-Fort Worth Rangers batting - Pitching for Memphis Blues : LHP Chris Reyes
|
Batting: RHB Terry Lee
|
0-0: Ball 1-0: Called Strike 1-1: Ground out 6-3 (Groundball, 6, EV 85.0 MPH)
|
Batting: RHB Ross Jones
|
0-0: Ball 1-0: Called Strike 1-1: Called Strike 1-2: Strikes out swinging
|
Batting: RHB Alex Zermeno
|
0-0: Ball 1-0: Ball 2-0: Fly out, F9 (Flyball, 9LM, EV 75.0 MPH)
|
Top of the 5th over - 0 runs, 0 hits, 0 errors, 0 left on base; Dallas-Fort Worth 2 - Memphis 2 |
BOTTOM OF THE 5TH |
Memphis Blues batting - Pitching for Dallas-Fort Worth Rangers : RHP Billy Hawley
|
Batting: RHB William Muth
|
0-0: Ball 1-0: Fly out, F8 (Flyball, 78M, EV 97.5 MPH)
|
Batting: RHB Mariano Duncan
|
0-0: Ball 1-0: Called Strike 1-1: Swinging Strike 1-2: Ball 2-2: Ball 3-2: Strikes out swinging
|
Batting: LHB John Robbins
|
0-0: Ball 1-0: Ball 2-0: Foul Ball, location: 2F 2-1: Foul Ball, location: 2F 2-2: Ball 3-2: Base on Balls
|
Batting: LHB David Christianson
|
0-0: Called Strike 0-1: Foul Ball, location: 2F 0-2: Ground out U3 (Groundball, 3L, EV 102.5 MPH)
|
Bottom of the 5th over - 0 runs, 0 hits, 0 errors, 1 left on base; Dallas-Fort Worth 2 - Memphis 2 |
TOP OF THE 6TH |
Dallas-Fort Worth Rangers batting - Pitching for Memphis Blues : LHP Chris Reyes
|
Batting: RHB Steve Nicosia
|
0-0: SINGLE (Groundball, 6D, EV 96.9 MPH)
|
Batting: RHB Dave Miele
|
0-0: Ball 1-0: Sac Bunt to 13S - play at first, batter OUT! 1-4 Steve Nicosia to second
|
Batting: RHB Phil Bradley
|
0-0: Ball 1-0: Called Strike 1-1: Ball 2-1: Called Strike 2-2: Ball 3-2: Foul Ball, location: 2F 3-2: Base on Balls
|
Batting: RHB Joe Carter
|
0-0: Foul Ball, location: 2F 0-1: Called Strike 0-2: Ball 1-2: SINGLE (Groundball, 4MS, EV 71.3 MPH) (infield hit) Steve Nicosia to third Phil Bradley to second
|
Batting: LHB Sid Bream
|
0-0: Ball Wild Pitch! Steve Nicosia scores Phil Bradley to third Joe Carter to second 1-0: Called Strike 1-1: Fly out, F8 (Flyball, 78D, EV 108.8 MPH) Runner from 3rd tags up, SCORES, throw by CF Joe Carter to third
|
Batting: RHB Dave Aponte
|
0-0: Called Strike 0-1: Swinging Strike 0-2: Ball 1-2: Ball 2-2: Strikes out swinging
|
Top of the 6th over - 2 runs, 2 hits, 0 errors, 1 left on base; Dallas-Fort Worth 4 - Memphis 2 |
BOTTOM OF THE 6TH |
Memphis Blues batting - Pitching for Dallas-Fort Worth Rangers : RHP Billy Hawley
|
Batting: RHB Chris James
|
0-0: Called Strike 0-1: Ball 1-1: Fly out, F8 (Flyball, 8LD, EV 103.8 MPH)
|
Batting: LHB Don Jacoby
|
0-0: Ball 1-0: SINGLE (Line Drive, 7S, EV 108.8 MPH)
|
Batting: RHB Augustine Garrett
|
0-0: Called Strike 0-1: Swinging Strike 0-2: Fly out, F4 (Popup, 34, EV 76.9 MPH)
|
Batting: RHB Dave Penniall
|
0-0: Ball 1-0: Called Strike 1-1: Swinging Strike 1-2: Foul Ball, location: 2F 1-2: Strikes out swinging
|
Bottom of the 6th over - 0 runs, 1 hit, 0 errors, 1 left on base; Dallas-Fort Worth 4 - Memphis 2 |
TOP OF THE 7TH |
Dallas-Fort Worth Rangers batting - Pitching for Memphis Blues : LHP Chris Reyes
|
Batting: RHB Terry Lee
|
0-0: Ball 1-0: Ball 2-0: Foul Ball, location: 2F 2-1: Ball 3-1: Base on Balls
|
Batting: RHB Ross Jones
|
0-0: Sac Bunt to 15S - play at first, batter OUT! 1-3 Terry Lee to second
|
Batting: RHB Alex Zermeno
|
0-0: Ball 1-0: Swinging Strike 1-1: Foul Ball, location: 2F 1-2: Strikes out swinging
|
Batting: RHB Steve Nicosia
|
0-0: Ball 1-0: Swinging Strike 1-1: Foul Ball, location: 2F 1-2: Fly out, F8 (Flyball, 8LXD, EV 100.6 MPH)
|
Top of the 7th over - 0 runs, 0 hits, 0 errors, 1 left on base; Dallas-Fort Worth 4 - Memphis 2 |
BOTTOM OF THE 7TH |
Memphis Blues batting - Pitching for Dallas-Fort Worth Rangers : RHP Billy Hawley
|
Batting: RHB Bradley Shames
|
0-0: Called Strike 0-1: Ball 1-1: Called Strike 1-2: Ball 2-2: Strikes out swinging
|
Batting: RHB William Muth
|
0-0: Called Strike 0-1: Called Strike 0-2: Strikes out swinging
|
Batting: RHB Mariano Duncan
|
0-0: Fly out, F5 (Flyball, 56D, EV 86.9 MPH)
|
Bottom of the 7th over - 0 runs, 0 hits, 0 errors, 0 left on base; Dallas-Fort Worth 4 - Memphis 2 |
TOP OF THE 8TH |
Dallas-Fort Worth Rangers batting - Pitching for Memphis Blues : LHP Chris Reyes
|
Batting: RHB Dave Miele
|
0-0: Swinging Strike 0-1: Ball 1-1: Foul Ball, location: 2F 1-2: Foul Ball, location: 2F 1-2: Ground out 5-3 (Groundball, 5L, EV 85.6 MPH)
|
Batting: RHB Phil Bradley
|
0-0: Ball 1-0: Ball 2-0: Ball 3-0: Base on Balls
|
Batting: RHB Joe Carter
|
0-0: Fielders Choice at 2nd, 5-4 (Groundball, 56S, EV 85.6 MPH)
|
Batting: LHB Sid Bream
|
0-0: Called Strike 0-1: Ball 1-1: Ball 2-1: 2-RUN HOME RUN (Flyball, 9D, EV 95.0 MPH), Distance : 358 ft
|
Pitching: RHP William Purdy
|
|
Batting: RHB Dave Aponte
|
0-0: Called Strike 0-1: Ball 1-1: Ball 2-1: Foul Ball, location: 2F 2-2: Foul Ball, location: 2F 2-2: Foul Ball, location: 2F 2-2: Foul Ball, location: 2F 2-2: Ball 3-2: Fly out, F9 (Flyball, 89S, EV 87.5 MPH)
|
Top of the 8th over - 2 runs, 1 hit, 0 errors, 0 left on base; Dallas-Fort Worth 6 - Memphis 2 |
BOTTOM OF THE 8TH |
Memphis Blues batting - Pitching for Dallas-Fort Worth Rangers : RHP Billy Hawley
|
Batting: LHB John Robbins
|
0-0: Ball 1-0: Foul Ball, location: 2F 1-1: Ball 2-1: Ball 3-1: Base on Balls
|
Batting: LHB David Christianson
|
0-0: Ball 1-0: Ball 2-0: Ball 3-0: Base on Balls John Robbins to second
|
Batting: RHB Chris James
|
0-0: Ball 1-0: Ball 2-0: Ball 3-0: Base on Balls John Robbins to third David Christianson to second
|
Batting: LHB Don Jacoby
|
0-0: Ball 1-0: Ball 2-0: Ball 3-0: Called Strike 3-1: Foul Ball, location: 2F 3-2: Grounds into double play, U3-6 (Groundball, 3L, EV 106.9 MPH) John Robbins scores David Christianson to third
|
Pitching: RHP Luis Cardenas
|
|
Batting: RHB Augustine Garrett
|
0-0: Called Strike 0-1: Ball 1-1: Fly out, F3 (Popup, 3F, EV 78.1 MPH)
|
Bottom of the 8th over - 1 run, 0 hits, 0 errors, 1 left on base; Dallas-Fort Worth 6 - Memphis 3 |
TOP OF THE 9TH |
Dallas-Fort Worth Rangers batting - Pitching for Memphis Blues : RHP William Purdy
|
Pitching: RHP Mark Humphrey
|
|
Batting: RHB Terry Lee
|
0-0: Fly out, F9 (Flyball, 9S, EV 89.4 MPH)
|
Batting: RHB Ross Jones
|
0-0: Foul Ball, location: 2F 0-1: Fly out, F9 (Line Drive, 9, EV 96.9 MPH)
|
Batting: RHB Alex Zermeno
|
0-0: Ball 1-0: Called Strike 1-1: Ball 2-1: Ball 3-1: Base on Balls
|
Batting: RHB Steve Nicosia
|
0-0: Called Strike 0-1: Ball 1-1: SINGLE (Groundball, 6MD, EV 103.1 MPH) Alex Zermeno to second
|
Batting: RHB Dave Miele
|
0-0: Ball 1-0: Called Strike 1-1: Ball 2-1: Foul Ball, location: 2F 2-2: Strikes out swinging
|
Top of the 9th over - 0 runs, 1 hit, 0 errors, 2 left on base; Dallas-Fort Worth 6 - Memphis 3 |
BOTTOM OF THE 9TH |
Memphis Blues batting - Pitching for Dallas-Fort Worth Rangers : RHP Luis Cardenas
|
Batting: RHB Dave Penniall
|
0-0: Called Strike 0-1: Fly out, F8 (Line Drive, 8RM, EV 91.9 MPH)
|
Batting: RHB Bradley Shames
|
0-0: Foul Ball, location: 2F 0-1: Ball 1-1: Called Strike 1-2: Ball 2-2: Strikes out looking
|
Batting: RHB William Muth
|
0-0: Called Strike 0-1: Ball 1-1: Foul Ball, location: 2F 1-2: Strikes out swinging
|
Bottom of the 9th over - 0 runs, 0 hits, 0 errors, 0 left on base; Dallas-Fort Worth 6 - Memphis 3 |
|